 Dungeon Crawl Stone Soup version 0.31-a0-574-g69dc8cc98e (webtiles) character file.

Game seed: 1084104413402392279

476 Zonian the Sneak (level 7, -10/41 HPs)
             Began as an Octopode Hedge Wizard on Aug 19, 2023.
             Killed from afar by an acid dragon (35 damage)
             ... with a splash of acid
             ... on level 8 of the Dungeon.
             The game lasted 00:15:06 (6319 turns).

Zonian the Sneak (Octopode Hedge Wizard)            Turns: 6319, Time: 00:15:18

Health: -10/41     AC:  2    Str: 10    XL:     7   Next: 10%
Magic:  11/13      EV: 14    Int: 16    God:
Gold:   226        SH:  0    Dex: 13    Spells: 7/14 levels left

rFire   . . .        h - +2 dagger (speed)
rCold   + . .        (no shield)
rNeg    . . .        b - +1 hat
rPois   .            (no amulet)
rElec   .            (no ring)
rCorr   .            (no ring)
SInv    .            (no ring)
Will    .....        (no ring)
Stlth   ++++         (no ring)
HPRegen 0.26/turn    (no ring)
MPRegen 0.13/turn    (no ring)
                     (no ring)

%: no passive effects
@: no status effects
A: almost no armour, amphibious, 8 rings, camouflage 1, gelatinous body 1,
(nimble swimmer 1), tentacles, cold resistance 1
a: no special abilities


You were on level 8 of the Dungeon.
You visited 1 branch of the dungeon, and saw 6 of its levels.

You collected 226 gold pieces.

Inventory:

Hand Weapons
 a - a +0 dagger
 h - a +2 dagger of speed (weapon)
Armour
 b - a +1 hat (worn)
 n - an orb of energy
Wands
 j - a wand of polymorph (6)
Scrolls
 d - a scroll of vulnerability
 i - a scroll of blinking
 o - a scroll of revelation
Potions
 c - a potion of magic
 e - a potion of lignification {unknown}
 f - 2 potions of might {unknown}
 g - 3 potions of curing
 k - a potion of enlightenment {unknown}
 l - a potion of brilliance {unknown}
 m - 2 potions of mutation
 p - a potion of ambrosia {unknown}


   Skills:
 + Level 3.4 Dodging
 + Level 4.8 Stealth
 + Level 4.0 Spellcasting
 + Level 3.0 Conjurations
 + Level 2.9 Summonings
 + Level 2.7 Translocations


You had 7 spell levels left.
You knew the following spells:

 Your Spells              Type           Power      Damage    Failure   Level
a - Magic Dart            Conj           52%        1d5       4%          1
b - Blink                 Tloc           24%        N/A       9%          2
c - Call Imp              Summ           24%        N/A       8%          2
d - Lesser Beckoning      Tloc           24%        N/A       9%          2

Your spell library contained the following spells:

 Spells                   Type           Power      Damage    Failure   Level
 Gell's Gravitas          Tloc           12%        N/A       16%         3
 Teleport Other           Tloc           12%        N/A       16%         3
 Slow                     Hex            12%        N/A       17%         1
 Cigotuvi's Dreadful Rot  Necr/Pois/Air  6%         N/A       26%         2
 Mephitic Cloud           Conj/Pois/Air  6%         N/A       32%         3
 Inner Flame              Hex/Fire       3%         N/A       45%         3
 Yara's Violent Unravell  Hex/Tmut       1%         3d3       99%         5
 Enfeeble                 Hex            1%         N/A       100%        7


Dungeon Overview and Level Annotations

Branches:
Dungeon (8/15)
 Temple: D:4-7         Lair: D:8-11

Altars:
Sif Muna
Trog
The Shining One

Shops:
D:2 :(

Annotations:
D:4 Blork the orc


Innate Abilities, Weirdness & Mutations

You cannot wear most types of armour.
You are amphibious.
You can wear up to eight rings at the same time.
Your skin changes colour to match your surroundings (Stealth+).
Your rubbery body absorbs attacks. (AC +1, EV +1)
((You are camouflaged when in or above water. (Stealth+)))
You have tentacles for arms and can constrict up to eight enemies at once.
Your flesh is cold resistant. (rC+)


Message History

You hit the sky beast. You squeeze the sky beast.
The sky beast is heavily wounded.
Your sleepcap barely misses the sky beast.
The sky beast hits you. The sky beast shocks you.
You closely miss the sky beast. You squeeze the sky beast.
The sky beast is severely wounded.
Your sleepcap misses the sky beast. The sky beast completely misses you.
An acid dragon comes into view.
The acid dragon roars!
You hit the sky beast.
The sky beast is severely wounded.
Your howler monkey hits the yak!
You closely miss the sky beast.
The sky beast is severely wounded.
Your sleepcap releases spores at the sky beast!
The sky beast dies!
Your Spellcasting skill increases to level 4!
Your Conjurations skill increases to level 3!
You have reached level 7!
The yak puts on a burst of speed as it pursues you!
Unknown command.
Unknown command.
Your howler monkey hits the yak but does no damage.
The yak gores your howler monkey.
Your howler monkey hits the yak.
The yak gores your howler monkey!
Your sleepcap releases spores at the yak.
The yak is engulfed in a cloud of soporific spores!
Your howler monkey hits the yak but does no damage.
Your howler monkey hits the yak.
Something gores your howler monkey! The yak gores your howler monkey.
Your sleepcap releases spores at the yak.
The yak is engulfed in a cloud of soporific spores!
The yak bellows!
Your howler monkey dissolves into shadows!
Something hits the fungus.
The fungus begins to die.
The yak gores something!
Something gores your howler monkey! The acid dragon spits acid at you.
The splash of acid hits you!!
Ouch! That really hurt!
You die...

#### ##h'# #hh#b§....
#h##..≈≈≈≈ #h# .≈≈≈..
#.# .≈≈..§ ##########
#.##.≈§.h#
#.>.@..Y.###..#b≈§.#}
#.##...#Yfhh..#≈.b##S
#......hh..#
#.P._.P.YY.#
#.......#..#
######..D....
#..#..#.. #..#....Y#
.........#


You could see 3 yaks, an acid dragon (catching breath), a friendly sleepcap
(summoned) and 3 friendly howler monkeys.

Vanquished Creatures
  An ogre (D:5)
  2 hounds
  Jessica (D:3)
  Ijyb (D:4)
  2 iguanas
  Robin (D:4)
  An adder (D:2)
  6 worms (D:5)
  3 dart slugs (D:1)
  An orc (D:2)
  4 ball pythons
  3 bats
  7 endoplasms
  6 giant cockroaches
  19 goblins
  12 hobgoblins
  2 kobolds (D:4)
  7 quokkas
  5 frilled lizards
  5 rats
89 creatures vanquished.

Vanquished Creatures (collateral kills)
  A sky beast (D:8)
1 creature vanquished.

Grand Total: 90 creatures vanquished

Notes
Turn   | Place    | Note
-------+----------+-------------------------------------------
     0 | D:1      | Zonian the Octopode Hedge Wizard began the quest for the
                  | Orb.
     0 | D:1      | Reached XP level 1. HP: 11/11 MP: 4/4
   165 | D:1      | Reached XP level 2. HP: 17/17 MP: 6/6
   746 | D:1      | Reached XP level 3. HP: 21/21 MP: 1/7
  1187 | D:2      | Found Upyal's Weapon Shoppe.
  2157 | D:2      | Found Veghuibe's Book Shoppe.
  2459 | D:2      | Reached XP level 4. HP: 24/27 MP: 4/8
  2593 | D:2      | Learned a level 2 spell: Blink
  2596 | D:2      | Learned a level 2 spell: Call Imp
  2657 | D:3      | Noticed Jessica
  2928 | D:3      | Killed Jessica
  3495 | D:3      | Noticed an ogre
  3796 | D:3      | Found a bloodstained altar of Trog.
  4173 | D:4      | Noticed Robin
  4362 | D:4      | Noticed Ijyb
  4369 | D:4      | Killed Ijyb
  4370 | D:4      | Reached XP level 5. HP: 24/31 MP: 10/10
  5047 | D:4      | Found a glowing golden altar of the Shining One.
  5074 | D:4      | Noticed Blork the orc
  5207 | D:4      | Gained mutation: Your muscles are strong. (Str +4, Int/Dex
                  | -1) [potion of mutation]
  5207 | D:4      | Gained mutation: You are dopey. (Int -2) [potion of
                  | mutation]
  5207 | D:4      | Gained mutation: Your spells are a little harder to cast,
                  | but a little more powerful. [potion of mutation]
  5207 | D:4      | Gained mutation: Your spells are harder to cast, but more
                  | powerful. [potion of mutation]
  5208 | D:4      | Lost mutation: Your spells are harder to cast, but more
                  | powerful. [potion of mutation]
  5208 | D:4      | Lost mutation: Your muscles are strong. (Str +4, Int/Dex
                  | -1) [potion of mutation]
  5208 | D:4      | Lost mutation: You are dopey. (Int -2) [potion of mutation]
  5208 | D:4      | Gained mutation: You have hidden genetic potential. [potion
                  | of mutation]
  5208 | D:4      | Gained mutation: Your body sometimes deteriorates upon
                  | taking damage. [potion of mutation]
  5208 | D:4      | Gained mutation: You occasionally shout uncontrollably at
                  | your foes. [potion of mutation]
  5209 | D:4      | Lost mutation: Your spells are a little harder to cast, but
                  | a little more powerful. [potion of mutation]
  5209 | D:4      | Lost mutation: You occasionally shout uncontrollably at
                  | your foes. [potion of mutation]
  5209 | D:4      | Lost mutation: Your body sometimes deteriorates upon taking
                  | damage. [potion of mutation]
  5209 | D:4      | Lost mutation: You have hidden genetic potential. [potion
                  | of mutation]
  5209 | D:4      | Gained mutation: Your flesh is cold resistant. (rC+)
                  | [potion of mutation]
  5559 | D:4      | Killed Robin
  5784 | D:5      | Entered Level 5 of the Dungeon
  5793 | D:5      | Reached XP level 6. HP: 35/36 MP: 11/11
  5796 | D:5      | Learned a level 2 spell: Lesser Beckoning
  6295 | D:5      | You fall into a shaft and drop 3 floors!
  6298 | D:8      | Noticed a fire bat
  6298 | D:8      | Noticed a hell hound
  6299 | D:8      | Noticed a fire bat
  6299 | D:8      | Noticed a fire bat
  6299 | D:8      | Noticed a fire bat
  6299 | D:8      | Noticed a fire elemental
  6304 | D:8      | Noticed a yak
  6305 | D:8      | Noticed a sky beast
  6306 | D:8      | Found a shimmering blue altar of Sif Muna.
  6307 | D:8      | Noticed a yak
  6307 | D:8      | Noticed a yak
  6307 | D:8      | Noticed a yak
  6308 | D:8      | Noticed a yak
  6308 | D:8      | Noticed a yak
  6312 | D:8      | Noticed an acid dragon
  6314 | D:8      | Killed a sky beast
  6315 | D:8      | Reached XP level 7. HP: 24/41 MP: 11/13
  6319 | D:8      | Killed from afar by an acid dragon

Illustrated notes

Levels and vault maps discovered:
D:1:      nzn_arrival_depleted_hourglass, layout_basic
D:2:      layout_basic, serial_shops, shop, nicolae_shop_tiny_statue_garden,
          serial_bayou_pond_d, hangedman_decor_push, minmay_box_of_dots
D:3:      layout_rooms, mainiacjoe_overflow_six_doors_small, serial_rivers,
          chequers_serial_rivers_small_b, chequers_serial_rivers_large_a,
          chequers_serial_rivers_room_a, chequers_serial_rivers_micro_e,
          chequers_serial_rivers_micro_d, chequers_serial_rivers_micro_d,
          minmay_ogre_servants, uniq_jessica
D:4:      minmay_wonky_spiral, layout_basic, tso_oasis_becter, uniq_robin,
          uniq_blork_the_orc, uniq_ijyb
D:5:      layout_gridville, nicolae_wormholes
D:8:      layout_loops_ring, mainiacjoe_overflow_tiny_flanked,
          mainiacjoe_overflow_brackets, amcnicky_altar_gilded,
          hangedman_incinerator

Skill      XL: |  1  2  3  4  5  6 |
---------------+-------------------+-----
Stealth        | 3 4 |  4.8
Conjurations   | 2 3 |  3.0
Summonings     | 2 |  2.9
Translocations | 2 |  2.7
Dodging        | 3 |  3.4
Spellcasting   | 4 |  4.0

Action                     |  1- 3 |  4- 6 |  7- 9 || total
---------------------------+-------+-------+-------++-------
  Melee: Dagger            |    29 |   134 |       ||   163
         Tentacles         |     8 |    37 |       ||    45
         Constrict         |     7 |    30 |       ||    37
         Punch             |       |     3 |       ||     3
   Cast: Magic Dart        |    91 |     5 |       ||    96
         Blink             |       |     4 |       ||     4
    Use: Scroll            |       |    12 |       ||    12
         Potion            |       |     3 |       ||     3
   Stab: Sleeping          |       |    11 |       ||    11
         Distracted        |       |     1 |       ||     1
 Armour: Skin              |     3 |    10 |       ||    13
  Dodge: Dodged            |    28 |    61 |       ||    89

Table legend: (Time is in decaauts)
 A = Elapsed time spent in this place.
 B = Non-inter-level travel time spent in this place.
 C = Inter-level travel time spent in this place.
 D = Time resting spent in this place.
 E = Time spent auto-exploring this place.
 F = Levels seen in this place.
 G = Mean time per level.
                   A        B        C        D        E       F      G
               +--------+--------+--------+--------+--------+-----+--------+
         Total |   6293 |   6128 |    165 |   1812 |   3044 |   6 | 1048.8 |
       Dungeon |   6293 |   6128 |    165 |   1812 |   3044 |   6 | 1048.8 |
               +--------+--------+--------+--------+--------+-----+--------+

Top non-repeatable levels by time:
     D:2: 1900 daAuts
     D:4: 1474 daAuts
     D:3: 1331 daAuts
     D:1: 1066 daAuts
     D:5: 498 daAuts
     D:8: 22 daAuts
